 Dungeon Crawl Stone Soup version 0.29-a0-477-g62b78b4225 (webtiles) character file.

Game seed: 2396544375894641620

1 Infinimo the Cudgeller (level 1, 0/22 HPs)
             Began as an Ogre Gladiator on May 25, 2022.
             Succumbed to a kobold's poison
             ... on level 1 of the Dungeon.
             The game lasted 00:00:09 (48 turns).

Infinimo the Cudgeller (Ogre Gladiator)               Turns: 48, Time: 00:00:09

Health: 0/22       AC:  3    Str: 17    XL:     1   Next: 20%
Magic:  1/1        EV: 10    Int:  9    God:
Gold:   0          SH:  0    Dex: 10    Spells: 0/0 levels left

rFire   . . .      SeeInvis .   a - +0 flail
rCold   . . .      Faith    .   (no shield)
rNeg    . . .      Spirit   .   b - +0 robe
rPois   .          Reflect  .   c - +0 hat
rElec   .          Harm     .   (no cloak)
rCorr   .          Rampage  .   (gloves unavailable)
Will    .....                   (boots unavailable)
Stlth   +.........              (no amulet)
HPRegen 0.07/turn               (no ring)
MPRegen 0.07/turn               (no ring)

@: lethally poisoned (0 -> -7)
A: large, unfitting armour, tough skin 1
a: no special abilities


You were on level 1 of the Dungeon.
You visited 1 branch of the dungeon, and saw 1 of its levels.

Inventory:

Hand Weapons
 a - a +0 flail (weapon)
Missiles
 d - 3 throwing nets (quivered)
 e - a large rock
Armour
 b - a +0 robe (worn)
 c - a +0 hat (worn)


   Skills:
 + Level 2.7 Fighting
 * Level 2.7 Maces & Flails
 - Level 2.0 Throwing
 - Level 2.6 Dodging


You couldn't memorise any spells.
You didn't know any spells.
Your spell library was empty.

Dungeon Overview and Level Annotations

Branches:
Dungeon (1/15)

Altars:


Innate Abilities, Weirdness & Mutations

You are too large for most types of armour.
You have tough skin. (AC +1)


Message History

Options error: Bad object type '%' for autopickup. (~/.crawlrc:80) Welcome, Infinimo the Ogre Gladiator.
Below lies the Orb of Zot, rumoured to be powerful enough to resurrect a god...
Press ? for a list of commands and other information.
You see here a +0 dagger.
A kobold comes into view.
It is wielding a +2 short sword of venom.
A kobold is nearby!
The kobold shouts!
The kobold throws a stone.
A giant cockroach and a goblin come into view.
The goblin shouts!
You hear an angry hiss.
The kobold hits you with a +2 short sword of venom.
You are poisoned.
You feel very sick.
The kobold hits you with a +2 short sword of venom.
You are lethally poisoned!
A ball python comes into view.
The ball python hisses angrily.
You punch the kobold.
The kobold is moderately wounded.
You feel very sick.
You hear a shout!
The kobold hits you with a +2 short sword of venom.
* * * LOW HITPOINT WARNING * * *
You are too injured to fight recklessly!
You are too injured to fight recklessly!
You are too injured to fight recklessly!
You are too injured to fight recklessly!
You are too injured to fight recklessly!
You sock the kobold!
You kill the kobold!
* * * LOW HITPOINT WARNING * * *
You feel very sick.
* * * LOW HITPOINT WARNING * * *
You feel sick.
Things that are here:
a +2 short sword of venom; 3 stones; a kobold corpse A hobgoblin comes into view.
You die...

#.)..##.##
####....# .
##..## ..###
##...# .....
#..#.# #.....
###.##..#
#...##...###.#
#...#)### .#
#.@B# ..
##.Sg...?..#
##.###### .(#
..# ..# #..#
.g


You could see a giant cockroach, a hobgoblin (wandering), a goblin and a ball
python.

Vanquished Creatures
  A kobold (D:1)
1 creature vanquished.

Notes
Turn   | Place    | Note
-------+----------+-------------------------------------------
     0 | D:1      | Infinimo the Ogre Gladiator began the quest for the Orb.
     0 | D:1      | Reached XP level 1. HP: 22/22 MP: 1/1
    47 | D:1      | HP: 1/22 [poisoned by a kobold]
    48 | D:1      | Succumbed to a kobold's poison

Illustrated notes

Levels and vault maps discovered:
D:1:      dpeg_arrival_water_altar, layout_rooms, serial_shops, shop_statue

Action                   || total
-------------------------++-------
Melee: Flail             ||     4
       Punch             ||     1
Armor: Robe              ||     2

Table legend: (Time is in decaauts)
 A = Elapsed time spent in this place.
 B = Non-inter-level travel time spent in this place.
 C = Inter-level travel time spent in this place.
 D = Time resting spent in this place.
 E = Time spent auto-exploring this place.
 F = Levels seen in this place.
 G = Mean time per level.
                   A        B        C        D        E       F      G
               +--------+--------+--------+--------+--------+-----+--------+
         Total |     49 |     49 |      0 |      0 |     38 |   1 |   49.0 |
       Dungeon |     49 |     49 |      0 |      0 |     38 |   1 |   49.0 |
               +--------+--------+--------+--------+--------+-----+--------+

Top non-repeatable levels by time:
     D:1: 49 daAuts
